 Dungeon Crawl Stone Soup version 0.21.1-1-g345015f (webtiles) character file.

928 yevrey the Grave Robber (level 7, -7/52 HPs)
             Began as a Demonspawn Necromancer on May 1, 2018.
             Killed from afar by an electric eel (11 damage)
             ... with a bolt of electricity
             ... on level 5 of the Dungeon.
             The game lasted 00:22:11 (5543 turns).

yevrey the Grave Robber (Demonspawn Necromancer)    Turns: 5543, Time: 00:22:11

Health: -7/52      AC:  9    Str:  9    XL:     7   Next: 85%
Magic:  14/14      EV: 13    Int: 18    God:
Gold:   189        SH:  0    Dex: 13    Spells: 3/15 levels left

rFire    . . .     SeeInvis .     - Unarmed
rCold    + + .     Gourm    .   (no shield)
rNeg     . . .     Faith    .   B - +0 steam dragon scales
rPois    .         Spirit   .   (helmet restricted)
rElec    .         Reflect  .   (no cloak)
rCorr    .         Harm     .   (no gloves)
MR       .....                  g - +1 pair of boots
Stlth    ++........             (no amulet)
HPRegen  0.17/turn              l - ring of wizardry
MPRegen  0.14/turn              a - ring of protection from cold

@: no status effects
A: horns 1, yellow scales 1, cold resistance 1, demonic guardian 1
a: no special abilities


You were on level 5 of the Dungeon.
You were not hungry.

You visited 1 branch of the dungeon, and saw 5 of its levels.

You collected 189 gold pieces.

Inventory:

Hand Weapons
 d - a +0 mace
 f - a +0 blowgun
Missiles
 y - 13 poisoned needles
 D - 5 tomahawks (quivered)
Armour
 g - a +1 pair of boots (worn)
 A - a +2 robe of fire resistance
 B - +0 steam dragon scales (worn)
Jewellery
 a - a ring of protection from cold (right hand)
 l - a ring of wizardry (left hand)
Wands
 r - a wand of random effects (35)
Scrolls
 e - 2 scrolls of identify
 h - a scroll of fear {unknown}
 j - 5 scrolls of remove curse
 k - a scroll of teleportation {unknown}
 n - 2 scrolls of magic mapping {unknown}
 o - a scroll of immolation {unknown}
 p - a scroll of enchant weapon {unknown}
 q - a scroll of enchant armour {unknown}
 s - a scroll of blinking {unknown}
 w - a scroll of noise {unknown}
Potions
 i - 7 potions of curing
 m - a potion of brilliance {unknown}
 t - a potion of flight {unknown}
 u - a potion of degeneration {unknown}
 v - 2 potions of agility {unknown}
 x - a potion of haste {unknown}
 z - 2 potions of heal wounds
 C - a potion of invisibility {unknown}
Books
 b - a book of Necromancy

   Spells                             Type                      Level
   a - Pain                           Necromancy                   1
   b - Animate Skeleton               Necromancy                   1
   c - Vampiric Draining              Necromancy                   3
   d - Regeneration                   Charms/Necromancy            3
   e - Animate Dead                   Necromancy                   4
   f - Borgnjor's Vile Clutch         Necromancy/Earth             5
Comestibles
 c - 5 rations
 E - 3 chunks of flesh


   Skills:
 + Level 3.6 Fighting
 + Level 2.5 Dodging
 + Level 2.3 Stealth
 + Level 1.2 Unarmed Combat
 + Level 4.9 Spellcasting
 * Level 1.0 Charms
 + Level 7.2 Necromancy


You had 3 spell levels left.
You knew the following spells:

 Your Spells              Type           Power        Failure   Level  Hunger
a - Pain                  Necr           ####         1%          1    None
b - Animate Skeleton      Necr           N/A          1%          1    None
c - Vampiric Draining     Necr           ####......   1%          3    ###....
d - Regeneration          Chrm/Necr      ###.......   2%          3    ###....
e - Animate Dead          Necr           N/A          2%          4    ####...


Dungeon Overview and Level Annotations

Branches:
Dungeon (5/15)             Temple (0/1) D:5

Altars:
Gozag
Kikubaaqudgha
Ru
Trog
Uskayaw
Yredelemnul


Innate Abilities, Weirdness & Mutations

You have a pair of small horns on your head.
You are partially covered in yellow scales. (AC +2)
Your flesh is cold resistant. (rC+)
A weak demonic guardian rushes to your aid.


Message History

The electric eel shoots out a bolt of lightning at you!
The bolt of electricity hits the plant. x2; The bolt of electricity hits you!
There is an open door here.
The electric eel shoots out a bolt of lightning at you!
The bolt of electricity hits the plant. x2
The bolt of electricity hits your iron imp.
Your iron imp resists.
The bolt of electricity hits you!
The electric eel shoots out a bolt of lightning at you!
The bolt of electricity hits you!
Unknown command.
The electric eel shoots out a bolt of lightning at you!
The bolt of electricity hits your iron imp.
Your iron imp resists.
The bolt of electricity hits you!
* * * LOW HITPOINT WARNING * * *
There is an open door here.
The electric eel shoots out a bolt of lightning at you!
The bolt of electricity hits the plant.
The bolt of electricity hits you!
You die...

########...###.##≈≈≈##≈....##
...........###.#≈≈;;≈######.##
......#.....#..#;..[(##≈;;##≈#
......#.....#..#$P≈≈$#≈;$≈≈#)#
......+.....#..#PP5..#.$$.≈#≈#
......####'##..#.....#.PPP≈#≈#
#######....##..#.....#.P..≈#.#
#..........##.###'..##.....#.#
##............#.@##### #.#
#.....<......##..≈≈≈##+ ##.#
###'###...#########≈≈.####.##
#.....#...#.......###..≈≈≈##
.#.....#...'........ #######
.#.....#...#........
.#.....#...#....##+#
.#.....#####....+
####'#..........#


You could see 2 electric eels and a friendly iron imp.

Vanquished Creatures
  Sigmund (D:2)
  A steam dragon (D:5)
  An ice beast (D:4)
  An ogre (D:5)
  A howler monkey (D:4)
  An orc wizard (D:4)
  2 iguanas (D:4)
  3 adders
  4 worms
  2 dart slugs
  2 leopard geckos
  3 orcs (D:4)
  8 bats
  A giant cockroach (D:3)
  5 goblins
  5 hobgoblins
  2 jackals (D:1)
  A quokka (D:3)
  A ball python (D:3)
  4 frilled lizards
  6 kobolds
  4 rats
59 creatures vanquished.

Vanquished Creatures (collateral kills)
  The ghost of babuloseo the Sneak, an amateur DsAs (D:4)
  Prince Ribbit (D:5)
  A bullfrog (D:3)
  A scorpion (D:4)
  A crimson imp (D:5)
  A worker ant (D:5)
  An orc (D:3)
  A bat (D:3)
  A giant cockroach (D:3)
  2 goblins
  A frilled lizard (D:2)
12 creatures vanquished.

Vanquished Creatures (others)
  A wizard (D:3)
1 creature vanquished.

Grand Total: 72 creatures vanquished

Notes
Turn   | Place    | Note
-------+----------+-------------------------------------------
     0 | D:1      | yevrey the Demonspawn Necromancer began the quest for the Orb.
     0 | D:1      | Reached XP level 1. HP: 13/13 MP: 3/3
   751 | D:1      | Gained mutation: You are partially covered in yellow scales. (AC +2) [demonic ancestry]
   751 | D:1      | Reached XP level 2. HP: 20/20 MP: 3/5
   754 | D:1      | Learned a level 1 spell: Animate Skeleton
   905 | D:2      | Found a sacrificial altar of Ru.
  1288 | D:1      | Reached skill level 1 in Fighting
  1581 | D:2      | Noticed Sigmund
  1700 | D:2      | Reached skill level 5 in Necromancy
  1700 | D:2      | Gained mutation: A weak demonic guardian rushes to your aid. [demonic ancestry]
  1700 | D:2      | Reached XP level 3. HP: 19/26 MP: 1/6
  1722 | D:2      | Learned a level 3 spell: Vampiric Draining
  2538 | D:2      | Killed Sigmund
  2538 | D:2      | Reached XP level 4. HP: 26/33 MP: 1/8
  2538 | D:2      | Gained mutation: You have a pair of small horns on your head. [demonic ancestry]
  2538 | D:2      | Reached XP level 5. HP: 30/38 MP: 1/9
  2855 | D:3      | Learned a level 3 spell: Regeneration
  3026 | D:3      | Found a hide-covered altar of Uskayaw.
  3345 | D:3      | Found an ancient bone altar of Kikubaaqudgha.
  3553 | D:3      | Found a bloodstained altar of Trog.
  3554 | D:3      | Noticed a wizard
  3560 | D:3      | Killed a wizard
  3657 | D:4      | Gained mutation: Your flesh is cold resistant. (rC+) [demonic ancestry]
  3657 | D:4      | Reached XP level 6. HP: 25/46 MP: 6/11
  3875 | D:3      | Learned a level 4 spell: Animate Dead
  4017 | D:4      | Reached skill level 6 in Necromancy
  4075 | D:4      | Found an opulent altar of Gozag.
  4149 | D:4      | Noticed babuloseo's ghost (amateur DsAs)
  4171 | D:4      | Killed babuloseo's ghost
  4248 | D:5      | Entered Level 5 of the Dungeon
  4326 | D:4      | Noticed an ice beast
  4336 | D:4      | Killed an ice beast
  4336 | D:4      | Reached XP level 7. HP: 42/52 MP: 8/13
  4393 | D:4      | Found a bloodstained altar of Trog.
  4393 | D:4      | Found a basalt altar of Yredelemnul.
  4994 | D:5      | Found a staircase to the Ecumenical Temple.
  5093 | D:5      | Noticed Prince Ribbit
  5122 | D:5      | Killed Prince Ribbit
  5122 | D:5      | Reached skill level 1 in Unarmed Combat
  5260 | D:5      | Reached skill level 7 in Necromancy
  5506 | D:5      | Noticed a steam dragon
  5515 | D:5      | Killed a steam dragon
  5515 | D:5      | Reached skill level 1 in Charms
  5543 | D:5      | Killed from afar by an electric eel

Skill      XL: |  1  2  3  4  5  6  7 |
---------------+----------------------+-----
Fighting       | 1 2 3 |  3.6
Necromancy     | 5 6 7 |  7.2
Dodging        | 2 |  2.5
Spellcasting   | 3 4 |  4.9
Stealth        | 2 |  2.3
Unarmed Combat | 1 |  1.2
Charms         | 1 |  1.0

Action                   |  1- 3 |  4- 6 |  7- 9 || total
-------------------------+-------+-------+-------++-------
Melee: Unarmed           |    89 |    29 |    44 ||   162
       Headbutt          |       |     4 |     5 ||     9
       Punch             |       |     1 |     2 ||     3
 Cast: Pain              |    58 |    60 |    27 ||   145
       Animate Skeleton  |    10 |    10 |     4 ||    24
       Vampiric Draining |     4 |       |     1 ||     5
       Regeneration      |       |       |     2 ||     2
  Use: Scroll            |       |     5 |       ||     5
 Stab: Sleeping          |     1 |       |       ||     1
  Eat: Chunk             |     6 |     6 |     2 ||    14
       Ration            |       |       |     1 ||     1
Armor: Robe              |    36 |    10 |    16 ||    62
       Leather armour    |       |     5 |     5 ||    10
Dodge: Dodged            |    74 |    28 |    44 ||   146
